 Dungeon Sprint DCSS version 0.24.1-4-ge52af88ad5 (webtiles) character file.

Game seed: 11548276662021089009, levelgen mode: deterministic

29972 Groucho the Peltast (level 12, -1/121 HPs)
             Began as a Demigod Fighter on Apr 21, 2020.
             Succumbed to a guardian serpent's bolt of poison
             ... in the Dungeon (Sprint IX: "|||||||||||||||||||||||||||||").
             The game lasted 00:17:41 (8599 turns).

Groucho the Peltast (Demigod Fighter)               Turns: 8599, Time: 00:17:41

Health: -1/121     AC: 29    Str: 26    XL:     12   Next: 87%
Magic:  15/20      EV:  5    Int: 12    God:
Gold:   803        SH: 15    Dex: 17    Spells: 11/11 levels left

rFire    + . .     SeeInvis .   p - +3 broad axe (freeze)
rCold    + . .     Gourm    .   c - +0 shield
rNeg     + . .     Faith    .   N - +5 plate armour of Action {rN+ rCorr Dex-5 Slay+3}
rPois    +         Spirit   .   O - +1 helmet
rElec    +         Reflect  .   e - +0 cloak
rCorr    +         Harm     .   s - +0 pair of gloves
MR       +....     NoTele   +   r - +0 pair of boots
Stlth    ..........             (no amulet)
HPRegen  0.30/turn              t - +3 ring of dexterity
MPRegen  0.17/turn              u - +3 ring of strength

@: lethally poisoned (-1 -> -30), resistant, constricted
A: high mp 1
a: no special abilities


You were in the Dungeon.
You were not hungry.

You visited 1 branch You collected 1923 gold pieces.
You spent 1120 gold pieces at shops.

Inventory:

Hand Weapons
 a - a +0 war axe
 p - a +3 broad axe of freezing (weapon)
 q - a +2 dire flail of crushing
Missiles
 k - 8 boomerangs (quivered)
Armour
 c - a +0 shield (worn)
 e - a +0 cloak (worn)
 r - a +0 pair of boots (worn)
 s - a +0 pair of gloves (worn)
 N - the +5 plate armour of Action (worn) {rN+ rCorr Dex-5 Slay+3}
   (You found it in the Dungeon)

   It affects your dexterity (-5).
   It affects your accuracy and damage with ranged weapons and melee attacks
   (+3).
   It protects you from negative energy.
   It provides partial protection from all sources of acid and corrosion.
 O - a +1 helmet (worn)
Jewellery
 t - a +3 ring of dexterity (left hand)
 u - a +3 ring of strength (right hand)
 J - an uncursed ring of protection from cold
 K - an uncursed ring of protection from magic
 L - an uncursed ring of see invisible
 M - an uncursed ring of protection from fire
Wands
 F - a wand of disintegration (13)
 G - a wand of flame (18)
 H - a wand of paralysis (3)
Scrolls
 m - 7 scrolls of remove curse
 n - 2 scrolls of amnesia
 w - 3 scrolls of fear
 y - a scroll of fog
 C - 3 scrolls of identify
 E - a scroll of enchant weapon
Potions
 d - 2 potions of might
 f - a potion of brilliance {unknown}
 h - a potion of haste
 i - 4 potions of magic
 o - a potion of invisibility
 x - a potion of mutation
 z - a potion of flight
 A - a potion of lignification
 B - a potion of agility
 I - a potion of ambrosia {unknown}
Comestibles
 b - 5 rations


   Skills:
 * Level 15.6 Fighting
 * Level 15.5 Axes
 + Level 5.8 Throwing
 * Level 15.6 Armour
 * Level 15.6 Shields
 + Level 5.9 Evocations


You had 11 spell levels left.
You didn't know any spells.
Your spell library was empty.

Dungeon Overview and Level Annotations

Branches:
Dungeon (1/1)

Shops:
D }?!(


Innate Abilities, Weirdness & Mutations

You have an increased reservoir of magic. (+10% MP)


Message History

* * * LOW HITPOINT WARNING * * *
The naga warrior constricts you.
The guardian serpent coils itself and performs some mystic snake dance.
The guardian serpent blinks!
Unknown command.
You feel protected.
* * * LOW HITPOINT WARNING * * *
You feel very sick. The guardian serpent hits you.
* * * LOW HITPOINT WARNING * * *
The guardian serpent gestures with its tail.
The naga warrior hits you but does no damage.
* * * LOW HITPOINT WARNING * * *
The naga warrior constricts you.
Unknown command.
Okay, then.
You barely miss the naga warrior.
The naga warrior is severely wounded.
You slash the guardian serpent! You freeze the guardian serpent.
You die...

,*,*,*,*,*,*,*,*,▓.▓.▓.▓)▓.▓.▓.▓_
,*,*,*,*,*,*,*,▓.▓.▓.▓.▓.▓.▓.▓.▓_
,*,*,*,*,*,*,*,▓.▓.▓[▓.▓.▓.▓'▓.▓_
,*,*,*,*,*,*,*,▓.▓.▓[▓.▓.▓.▓.▓.▓_
,*,*,*,*,*,*,*,▓S▓.▓.▓.▓)▓.▓[▓.▓_
,*,*,*,*,*,*,*,▓.▓.▓[▓.▓.▓.▓.▓.▓_
,*,*,*,*,*,*,*,▓N▓.▓.▓.▓)▓.▓.▓.▓_
,*,*,*,*,*,*,*,▓N▓.▓[▓.▓)▓.▓.▓.▓_
,*,*,*,*,*,*,*,▓@▓.▓[▓.▓.▓.▓.▓.▓_
,*,*,*,*,*,*,*,♣S♣.▓[▓.▓)▓.▓.▓.▓_
,*,*,*,*,*,*,*,♣.♣.▓.▓.▓.▓.▓.▓.▓_
,*,*,*,*,*,*,*,♣.♣.▓)▓.▓.▓.▓.▓.▓_
,*,*+*,*,*,*,*,♣.♣.▓)▓.▓.▓.▓'▓.▓_
,*,*,*,*,*,*,*,♣.♣.▓)▓.▓)▓.▓.▓.▓_
,*,*,*,*,*,*,*,♣.♣.▓)▓.▓)▓.▓.▓.▓_
,*,*,*,*,*,*,*,♣.♣.▓)▓.▓.▓.▓.▓.▓_
,*,*,*,*,*,*+*,♣.♣.▓)▓.▓)▓.▓.▓.▓_


You could see a naga warrior, 2 guardian serpents and a naga mage.

Vanquished Creatures
  A lich (D)
  A tengu reaver (D)
  3 stone giants (D)
  Nessos (D)
  Snorg (D)
  Josephine (D)
  2 hydras (D)
  2 ghost crabs (D)
  2 catoblepae (D)
  2 centaur warriors (D)
  2 orc high priests (D)
  3 death yaks (D)
  A naga sharpshooter (D)
  A shock serpent (D)
  A swamp dragon (D)
  3 orc knights (D)
  A cyclops (D)
  A mana viper (D)
  5 orc sorcerers (D)
  3 black mambas (D)
  A gargoyle (D)
  A spiny frog (D)
  A rime drake (D)
  A troll (D)
  A hippogriff (D)
  A shadow (D)
  4 yaks (D)
  4 wraiths (D)
  Eustachio (D)
  A hungry ghost (D)
  A steam dragon (D)
  A vampire mosquito (D)
  Grum (D)
  An acid dragon (D)
  4 water moccasins (D)
  3 porcupines (D)
  A swamp drake (D)
  13 orc warriors (D)
  2 ice beasts (D)
  A sky beast (D)
  4 wolves (D)
  4 crocodiles (D)
  A gnoll sergeant (D)
  A scorpion (D)
  A crimson imp (D)
  2 hounds (D)
  4 orc priests (D)
  3 orc wizards (D)
  2 adders (D)
  An adder zombie (D)
  A worm (D)
  13 orcs (D)
  A giant cockroach (D)
  3 bats (D)
  A kobold (D)
  A leopard gecko skeleton (D)
124 creatures vanquished.

Vanquished Creatures (others)
  A swamp dragon (D)
  A swamp drake (D)
2 creatures vanquished.

Grand Total: 126 creatures vanquished

Notes
Turn   | Place    | Note
-------+----------+-------------------------------------------
     0 | D        | Groucho the Demigod Fighter began the quest for the Orb.
     0 | D        | Reached XP level 1. HP: 18/18 MP: 3/3
    32 | D        | Reached XP level 2. HP: 18/26 MP: 4/4
   439 | D        | Found a roughly hewn altar of Beogh.
   439 | D        | Found a snail-covered altar of Cheibriados.
   439 | D        | Found a shadowy altar of Dithmenos.
   439 | D        | Found a white marble altar of Elyvilon.
   439 | D        | Found a blossoming altar of Fedhas.
   439 | D        | Found an opulent altar of Gozag.
   440 | D        | Found a hazy altar of Hepliaklqana.
   441 | D        | Found a viscous altar of Jiyva.
   442 | D        | Found an ancient bone altar of Kikubaaqudgha.
   443 | D        | Found a corrupted altar of Lugonu.
   444 | D        | Found a burning altar of Makhleb.
   445 | D        | Found a sparkling altar of Nemelex Xobeh.
   446 | D        | Found an iron altar of Okawaru.
   447 | D        | Found a stormy altar of Qazlal.
   448 | D        | Found a sacrificial altar of Ru.
   449 | D        | Found a shimmering blue altar of Sif Muna.
   450 | D        | Found a bloodstained altar of Trog.
   451 | D        | Found a hide-covered altar of Uskayaw.
   452 | D        | Found a radiant altar of Vehumet.
   453 | D        | Found an ornate altar of the Wu Jian Council.
   454 | D        | Found a shimmering altar of Xom.
   455 | D        | Found a basalt altar of Yredelemnul.
   456 | D        | Found a glowing silver altar of Zin.
   457 | D        | Found a glowing golden altar of the Shining One.
   513 | D        | Noticed a gnoll sergeant
   513 | D        | Noticed a sky beast
   513 | D        | Noticed a hippogriff
   516 | D        | Reached XP level 3. HP: 34/34 MP: 5/5
   523 | D        | Killed a hippogriff
   523 | D        | Reached skill level 5 in Axes
   523 | D        | Reached XP level 4. HP: 42/44 MP: 6/6
   523 | D        | Reached XP level 5. HP: 47/50 MP: 7/7
   531 | D        | Killed a sky beast
   531 | D        | Reached XP level 6. HP: 36/58 MP: 8/8
   861 | D        | Reached XP level 7. HP: 43/67 MP: 9/9
  1220 | D        | Noticed a black mamba
  1220 | D        | Noticed a spiny frog
  1227 | D        | Killed a spiny frog
  1239 | D        | Killed a black mamba
  1239 | D        | Reached XP level 8. HP: 39/78 MP: 10/10
  1259 | D        | Noticed a rime drake
  1266 | D        | Killed a rime drake
  1269 | D        | Noticed a six-headed hydra
  1271 | D        | Reached skill level 10 in Fighting
  1271 | D        | Reached skill level 10 in Armour
  1271 | D        | Reached skill level 10 in Shields
  1286 | D        | Killed a ten-headed hydra
  1286 | D        | Reached skill level 10 in Axes
  1286 | D        | Reached XP level 9. HP: 16/86 MP: 11/11
  1855 | D        | Noticed a catoblepas
  1855 | D        | Noticed a death yak
  1855 | D        | Noticed a catoblepas
  1855 | D        | Noticed a death yak
  1860 | D        | Killed a death yak
  1860 | D        | Noticed a death yak
  1890 | D        | Killed a catoblepas
  1890 | D        | Reached XP level 10. HP: 9/96 MP: 13/13
  1890 | D        | HP: 2/96 [death yak (7)]
  2386 | D        | Killed a death yak
  2393 | D        | Killed a catoblepas
  2408 | D        | Killed a death yak
  2914 | D        | Noticed Grum
  2920 | D        | Killed Grum
  3118 | D        | Noticed an orc knight
  3133 | D        | HP: 4/100 [orc warrior/+0 glaive (19)]
  3434 | D        | Killed an orc knight
  3882 | D        | Found Inoib's Weapon Boutique.
  3882 | D        | Noticed an orc sorcerer
  3882 | D        | Noticed an orc sorcerer
  3882 | D        | Noticed an orc sorcerer
  3882 | D        | Noticed an orc knight
  3882 | D        | Noticed an orc high priest
  3885 | D        | Noticed a sun demon
  3888 | D        | Noticed a rust devil
  3935 | D        | Killed an orc high priest
  3935 | D        | Reached XP level 11. HP: 107/107 MP: 14/14
  3945 | D        | Killed an orc knight
  3949 | D        | Paralysed by an orc sorcerer for 7 turns
  4222 | D        | Noticed an orc knight
  4232 | D        | Killed an orc knight
  4600 | D        | Found Ebbu Dimint's Distillery.
  4604 | D        | Found Ebeangib's Magic Scroll Boutique.
  4607 | D        | Found Ytiff's Gadget Shop.
  4610 | D        | Paralysed by an orc sorcerer for 5 turns
  4614 | D        | Noticed an orc high priest
  4629 | D        | Noticed a sixfirhy
  4651 | D        | Noticed a sun demon
  4688 | D        | HP: 5/107 [orc sorcerer/bolt of negative energy (31)]
  4697 | D        | Killed an orc high priest
  5398 | D        | Bought a potion of invisibility for 112 gold pieces
  5398 | D        | Bought a potion of heal wounds for 70 gold pieces
  5398 | D        | Bought a potion of mutation for 112 gold pieces
  5398 | D        | Bought a potion of flight for 42 gold pieces
  5398 | D        | Bought a potion of lignification for 42 gold pieces
  5398 | D        | Bought a potion of agility for 56 gold pieces
  5400 | D        | Bought a scroll of fog for 22 gold pieces
  5400 | D        | Bought a scroll of identify for 22 gold pieces
  5400 | D        | Bought a scroll of blinking for 82 gold pieces
  5400 | D        | Bought a scroll of enchant weapon for 82 gold pieces
  5400 | D        | Bought a scroll of identify for 22 gold pieces
  5403 | D        | Bought a wand of disintegration (15) for 228 gold pieces
  5403 | D        | Bought a wand of flame (18) for 120 gold pieces
  5403 | D        | Bought a wand of paralysis (7) for 108 gold pieces
  5426 | D        | Noticed Eustachio
  5442 | D        | Noticed Josephine
  5454 | D        | Killed Josephine
  5454 | D        | Reached skill level 1 in Throwing
  5454 | D        | Reached skill level 1 in Evocations
  5454 | D        | Killed Eustachio
  5567 | D        | Found the +8 trident of the Octopus King {venom, rElec
                  | rPois MR+}
  5584 | D        | Got the +5 plate armour of Action {rN+ rCorr Dex-5 Slay+3}
  5680 | D        | Noticed a stone giant
  5680 | D        | Noticed a tengu reaver
  5690 | D        | Noticed a stone giant
  5700 | D        | Noticed a centaur warrior
  5702 | D        | Killed a stone giant
  5706 | D        | Noticed a stone giant
  5715 | D        | Killed a tengu reaver
  5715 | D        | Reached XP level 12. HP: 73/118 MP: 17/17
  5732 | D        | Killed a stone giant
  5748 | D        | Killed a stone giant
  5757 | D        | Killed a centaur warrior
  6191 | D        | Noticed a centaur warrior
  6194 | D        | Noticed a lich
  6222 | D        | Noticed a reaper
  6252 | D        | Noticed a hell beast
  6264 | D        | Killed a lich
  6267 | D        | Killed a centaur warrior
  6267 | D        | Reached skill level 15 in Fighting
  6267 | D        | Reached skill level 15 in Armour
  6267 | D        | Reached skill level 15 in Shields
  7095 | D        | Noticed Snorg
  7131 | D        | Killed Snorg
  7131 | D        | Reached skill level 15 in Axes
  7678 | D        | Noticed Nessos
  7690 | D        | Killed Nessos
  7690 | D        | Reached skill level 5 in Throwing
  7690 | D        | Reached skill level 5 in Evocations
  7956 | D        | Noticed a ghost crab
  7956 | D        | Noticed a ghost crab
  7956 | D        | Noticed a five-headed hydra
  7961 | D        | Killed a seven-headed hydra
  7982 | D        | Killed a ghost crab
  7997 | D        | Killed a ghost crab
  8572 | D        | Noticed a naga warrior
  8598 | D        | HP: 4/121 [guardian serpent (4)]
  8599 | D        | Succumbed to a guardian serpent's bolt of poison

Levels and vault maps discovered:
D:        linesprint [early_d, line_temple, items_1, d_10, items_2, lair_1,
          lair_end, items_3, orc_1, orc_end, items_4, d_15, swamp_1, shoals_1,
          snake_1, spider_1, d_20, vaults_1, items_5, swamp_end, shoals_end,
          snake_end, spider_end, vaults_end, d_27, items_6, zot_1, zot_end,
          crypt_end, forest_end, elf_end, slime_end, tomb_end, abyss_end,
          pan_hell_end]

Skill      XL: |  1  2  3  4  5  6  7  8  9 10 11 12 |
---------------+-------------------------------------+-----
Axes           | 2 3 5 6 7 8 10 11 12 14 15 | 15.5
Fighting       | 3 4 6 7 9 10 11 13 14 15 | 15.6
Armour         | 3 4 6 7 9 10 11 13 14 15 | 15.6
Shields        | 3 4 6 7 9 10 11 13 14 15 | 15.6
Throwing       | 3 5 |  5.8
Evocations     | 3 5 |  5.9

Action                   |  1- 3 |  4- 6 |  7- 9 | 10-12 || total
-------------------------+-------+-------+-------+-------++-------
Melee: War axe           |    48 |       |       |       ||    48
       Broad axe         |    10 |    30 |    89 |   389 ||   518
Evoke: Wand              |       |       |     9 |     7 ||    16
  Use: Potion            |     2 |       |     7 |    15 ||    24
       Scroll            |       |       |     1 |     5 ||     6
 Stab: Invisible         |       |       |     8 |       ||     8
       Paralysed         |       |       |       |     5 ||     5
  Eat: Ration            |       |       |     1 |     6 ||     7
       Chunk             |       |       |       |     2 ||     2
Armor: Scale mail        |    31 |     8 |    42 |     9 ||    90
       Plate armour      |       |       |       |   142 ||   142
Dodge: Dodged            |    23 |     5 |    33 |    57 ||   118
Block: Shield            |    43 |    17 |    56 |   204 ||   320
